 Dungeon Crawl Stone Soup version 0.27-a0-1147-gb3d8e82157 (webtiles) character file.

Game seed: 1605178875585642202

111 siradein the Chopper (level 4, 0/33 HPs)
             Began as a Demonspawn Gladiator on May 12, 2021.
             Slain by Natasha (6 damage)
             ... on level 3 of the Dungeon.
             The game lasted 00:04:43 (1935 turns).

siradein the Chopper (Demonspawn Gladiator)         Turns: 1935, Time: 00:04:43

Health: 0/33       AC:  4    Str: 15    XL:     4   Next: 62%
Magic:  4/4        EV: 12    Int: 10    God:
Gold:   104        SH:  0    Dex: 14    Spells: 3/3 levels left

rFire    . . .     SeeInvis .   a - +0 war axe
rCold    . . .     Faith    .   (no shield)
rNeg     . . .     Spirit   .   b - +0 leather armour
rPois    .         Reflect  .   c - +0 helmet
rElec    .         Harm     .   (no cloak)
rCorr    .         Rampage  .   (no gloves)
Will     .....                  (no boots)
Stlth    +.........             l - amulet of regeneration
HPRegen  1.11/turn              (no ring)
MPRegen  0.09/turn              (no ring)

@: no status effects
A: talons 1, demonic guardian 1
a: no special abilities


You were on level 3 of the Dungeon.
You visited 1 branch of the dungeon, and saw 3 of its levels.

You collected 104 gold pieces.

Inventory:

Hand Weapons
 a - a +0 war axe (weapon)
Missiles
 d - 3 throwing nets (quivered)
Armour
 b - a +0 leather armour (worn)
 c - a +0 helmet (worn)
Jewellery
 l - an amulet of regeneration (around neck)
Scrolls
 e - a scroll of enchant weapon {unknown}
 f - 2 scrolls of identify {unknown}
 h - 2 scrolls of blinking {unknown}
 j - a scroll of enchant armour {unknown}
 k - a scroll of immolation {unknown}
 m - a scroll of teleportation {unknown}
Potions
 g - 2 potions of curing {unknown}
 i - a potion of cancellation {unknown}
 n - a potion of heal wounds {unknown}


   Skills:
 - Level 2.0 Fighting
 + Level 5.0 Axes
 - Level 1.7 Throwing
 - Level 2.6 Dodging


You had 3 spell levels left.
You didn't know any spells.
Your spell library was empty.

Dungeon Overview and Level Annotations

Branches:
Dungeon (3/15)

Altars:

Annotations:
D:3 Natasha


Innate Abilities, Weirdness & Mutations

You have sharp toenails.
A weak demonic guardian rushes to your aid.


Message History

Your shadow imp hits the orc.
You feel sick.
You are no longer poisoned.
Natasha claws you.
You closely miss Natasha. Your kick misses Natasha.
Natasha stares at you and mumbles some strange words.
The magic dart hits you!
You barely miss Natasha. Your kick misses Natasha. Natasha closely misses you.
Your shadow imp hits Natasha.
The orc closely misses your shadow imp.
You barely miss Natasha. Your kick misses Natasha.
Natasha is lightly wounded.
You completely miss the orc. Natasha barely misses you.
Your shadow imp hits Natasha.
The orc closely misses you.
You slash the orc!
You kill the orc!
You hit Natasha. Natasha claws you.
Your shadow imp barely misses Natasha.
Natasha barely misses you.
Your Axes skill increases to level 5!
You barely miss Natasha. Your kick misses Natasha.
Natasha is heavily wounded.
Your shadow imp disappears in a puff of smoke!
Natasha casts a spell at you. The magic dart hits you!
You hit Natasha but do no damage.
Natasha is heavily wounded.
Natasha claws you.
You hit Natasha but do no damage.
Natasha is heavily wounded.
Natasha claws you!
* * * LOW HITPOINT WARNING * * *
You barely miss Natasha. Your kick misses Natasha.
Natasha is heavily wounded.
Natasha hisses.
Natasha claws you.
* * * LOW HITPOINT WARNING * * *
A demonic guardian appears!
Natasha closely misses you.
You hit Natasha. You claw Natasha.
Natasha is almost dead.
Natasha claws you.
You die...

####. .....# ###### .....
##### ######## ..# #......#
..# #....... ..# #..5h#.# ..#
#...@#o# ..# #?..)#.# ###
##.....######## # #####
#...##...........
###...#####... #...'########+
..+.......+...'..>.#........#
.##))).# #..(##.#.#.'####+.
..#.)..####.. #.#.#.#....#
..........#. #.#.#.#.##.#


You could see Natasha (ally target) and a friendly ufetubus (summoned).

Vanquished Creatures
  An orc priest (D:3)
  2 adders
  A worm (D:3)
  3 orcs (D:3)
  A bat (D:2)
  5 endoplasms
  2 giant cockroaches
  3 goblins
  8 hobgoblins
  10 jackals
  2 quokkas
  4 ball pythons
  2 frilled lizards
  2 kobolds
  A rat (D:2)
  A bush (D:1)
48 creatures vanquished.

Vanquished Creatures (collateral kills)
  An adder (D:3)
  An orc (D:3)
  A rat (D:3)
3 creatures vanquished.

Vanquished Creatures (others)
  2 plants (D:1)
2 creatures vanquished.

Grand Total: 53 creatures vanquished

Notes
Turn   | Place    | Note
-------+----------+-------------------------------------------
     0 | D:1      | siradein the Demonspawn Gladiator began the quest for the
                  | Orb.
     0 | D:1      | Reached XP level 1. HP: 16/16 MP: 1/1
    87 | D:1      | Reached skill level 3 in Axes
    96 | D:1      | Gained mutation: A weak demonic guardian rushes to your
                  | aid. [demonic ancestry]
    96 | D:1      | Reached XP level 2. HP: 21/22 MP: 2/2
   863 | D:2      | Found a faded altar of an unknown god.
   958 | D:2      | Gained mutation: You have sharp toenails. [demonic
                  | ancestry]
   958 | D:2      | Reached XP level 3. HP: 27/27 MP: 3/3
  1170 | D:2      | Reached skill level 4 in Axes
  1784 | D:3      | Reached XP level 4. HP: 26/33 MP: 4/4
  1923 | D:3      | Noticed Natasha
  1931 | D:3      | Reached skill level 5 in Axes
  1935 | D:3      | Slain by Natasha

Illustrated notes

Levels and vault maps discovered:
D:1:      heliophobic_arrival_henge, layout_basic, serial_forest,
          infiniplex_forest_corner_1, infiniplex_forest_lined_3,
          infiniplex_forest_zigzag_1, infiniplex_forest_end_2,
          infiniplex_forest_clump_tiny, infiniplex_forest_straight_2
D:2:      layout_loops_ring, shapermc_ecumenical_altar_mp_vishouse,
          minmay_misc_feat_chi, roderic_lattice_a, minivault_4
D:3:      layout_basic, grunt_ministairs_4, minivault_11, uniq_natasha

Skill      XL: |  1  2  3  4 |
---------------+-------------+-----
Axes           | 3 4 5 |  5.0
Fighting       | |  2.0
Throwing       | |  1.7
Dodging        | |  2.6

Action                   |  1- 3 |  4- 6 || total
-------------------------+-------+-------++-------
Melee: War axe           |   185 |    22 ||   207
       Kick              |     5 |     3 ||     8
 Stab: Sleeping          |     2 |       ||     2
Armor: Leather armour    |    18 |     2 ||    20
Dodge: Dodged            |    88 |    17 ||   105

Table legend: (Time is in decaauts)
 A = Elapsed time spent in this place.
 B = Non-inter-level travel time spent in this place.
 C = Inter-level travel time spent in this place.
 D = Time resting spent in this place.
 E = Time spent auto-exploring this place.
 F = Levels seen in this place.
 G = Mean time per level.
                   A        B        C        D        E       F      G
               +--------+--------+--------+--------+--------+-----+--------+
         Total |   1999 |   1959 |     40 |      0 |   1553 |   3 |  666.3 |
       Dungeon |   1999 |   1959 |     40 |      0 |   1553 |   3 |  666.3 |
               +--------+--------+--------+--------+--------+-----+--------+

Top non-repeatable levels by time:
     D:2: 935 daAuts
     D:1: 880 daAuts
     D:3: 184 daAuts
